Workbook
Name _01001CAMP18: #REF!
Name A_23: #REF!
Name CategoryArea: #REF!,#REF!,#REF!,#REF!,#REF!
Name D1_5: SUMIF(#REF!,#REF!,#REF!)+SUMIF(#REF!,#REF!,#REF!)+SUMIF(#REF!,#REF!,#REF!)+SUMIF(#REF!,#REF!,#REF!)+SUMIF(#REF!,#REF!,#REF!)
Name ES5_12: #REF!
Name ES5_13: #REF!
Name ES5_14: #REF!
Name ES5_15: #REF!
Name ES5_16: #REF!
Name ES5_17: #REF!
Name ES5_18: #REF!
Name ES5_19: #REF!
Name ES5_2: #REF!
Name ES5_20: #REF!
Name ES5_21: #REF!
Name ES5_22: #REF!
Name ES5_23: #REF!
Name ES5_24: #REF!
Name ES5_25: #REF!
Name ES5_26: #REF!
Name ES5_27: #REF!
Name ES5_28: #REF!
Name ES5_29: #REF!
Name ES5_3: #REF!
Name ES5_30: #REF!
Name ES5_31: #REF!
Name ES5_32: #REF!
Name ES5_33: #REF!
Name ES5_34: #REF!
Name ES5_35: #REF!
Name ES5_36: #REF!
Name ES5_37: #REF!
Name ES5_38: #REF!
Name ES5_39: #REF!
Name ES5_4: #REF!
Name ES5_40: #REF!
Name ES5_41: #REF!
Name ES5_42: #REF!
Name ES5_43: #REF!
Name ES5_5: #REF!
Name ES5_6: #REF!
Name ES5_7: #REF!
Name ES5_8: #REF!
Name ES5_9: #REF!
Name ES6_1: #REF!
Name ES6_10: #REF!
Name ES6_11: #REF!
Name ES6_12: #REF!
Name ES6_13: #REF!
Name ES6_14: #REF!
Name ES6_15: #REF!
Name ES6_16: #REF!
Name ES6_17: #REF!
Name ES6_18: #REF!
Name ES6_19: #REF!
Name ES6_2: #REF!
Name ES6_20: #REF!
Name ES6_21: #REF!
Name ES6_22: #REF!
Name ES6_23: #REF!

Sheet Resumen Contrt.
B3: CONDICIONES CONTRACTUALES AJUSTADAS DEL CONTRATO
B4: No. CONTRATO | C4: SAMC -005-2025
B5: OBJETO DEL CONTRATO | C5: ='[1]Balance Cant. Obra.'!B8 -> ADECUACIONES COMPLEMENTARIAS DE OBRA CIVIL Y ELÉCTRICA EN FOSO ASCENSOR TORRE C PARA SU INSTALACIÓN Y PUESTA EN FUNCIONAMIENTO.
B6: PLAZO INICIAL: | C6: DOS (02) MESES
B7: FECHA DEL ACTA DE INICIO: | C7: 03 DE SEPTIEMBRE DE 2025
B8: FECHA DE TERMINACION INICIAL PROGRAMADA | C8: 03 DE NOVIEMBRE DE 2025
B9: VALOR DEL CONTRATO | C9: ='[1]Balance Cant. Obra.'!H102 -> 193664459
B10: VALOR ADICIONAL CONTRATO | C10: ='[1]Balance Cant. Obra.'!N102 -> 90865387
B11: VALOR FINAL DEL CONTRATO | C11: =C9+C10 -> 2.8452985e+08
B12: VALOR ACTA PARCIAL No.01 | C12: ='Acta Parcial 01.'!O104 -> 1.7486093e+08
B13: SALDO DEL CONTRATO | C13: =C11-C12 -> 1.0966892e+08
B14: PLAZO ADICIONAL: | C14: UN (01) MES
B15: FECHA DE TERMINACION ADICONAL PROGRAMADA | C15: 23 DE DICIEMBRE DE 2025

Sheet Acta Parcial 01.
F2: No. CONTRATO | I2: SAMC -005-2025 | L2: ACTA DE RECIBO PARCIAL DE OBRA No.01.
F3: PLAZO INICIAL: | I3: DOS (02) MESES
F4: FECHA DEL ACTA DE INICIO: | I4: 04 DE SEPTIEMBRE DE 2025
F5: FECHA DE TERMINACION PROGRAMADA | I5: 03 DE NOVIEMBRE DE 2025
F6: PLAZO ADICIONAL DEL CONTRATO: | I6: UN (01) MESES
F7: FECHA DE TERMINACION PROGRAMADA | I7: 23 DE DICIEMBRE DE 2025
F8: VALOR DEL CONTRATO | I8: 193664459
F9: VALOR ADICIONAL DEL CONTRATO | I9: =M104-H104 -> 90865385
B10: ADECUACIONES COMPLEMENTARIAS DE OBRA CIVIL Y ELÉCTRICA EN FOSO ASCENSOR TORRE C PARA SU INSTALACIÓN Y PUESTA EN FUNCIONAMIENTO. | F10: VALOR FINAL DEL CONTRATO: | I10: =SUM(I8:K9) -> 2.8452984e+08
F11: VALOR ACTA DE RECIBO PARCIALNo.01: | I11: =O104 -> 1.7486093e+08
B12: CONTRATISTA | D12: CONSORCIO ADECUACIONES Y CONCRETOS | F12: PORCENTAJE DE EECUICON DE OBRA | I12: =I11/I10 -> 0.61456094
B13: INTERVENTORIA | D13: Ing. OSCAR HERAZO | F13: FECHA DEL ACTA PARCIAL No-01: | I13: 24 DE NOVIEMBRE DE 2025
B14: SUPERVISION | D14: Ing. EDGAR VERGARA | F14: PLAZO FINAL DEL CONTRATO: | I14: TRES (03) MESES
B16: En el Municipio de Sincelejo, Departamento de Sucre, a vienticuaro (24) días del mes de noviembre de 2025 se reunieron en la oficina de Rama Juducial, Seccional Sincelejo, el Ing. WILLIAM PEREZ SUAREZ en calidad de Representante Legal del CONSORCIO ADECUACIONES Y CONCRETOS, Contratista de Obra,Ing.OSCAR HERAZO en calidad de Representante Legal de INGELAB 5G, como Intervetor del Contrato y Ing. EDGAR VERGARA, en calidad de Supervisor del Contrato, con el fin de suscribir ACTA DE RECIBO PARCIAL DE OBRA No.01 del Contrato SAMC-005-2025, cuyo objeto esta referenciado y que comprende la entrega y recibo de las cantidades de obra descritas en el siguiente presupuesto:
B18: CONDICIONES INICIALES DEL CONTRATO | I18: ACTA DE RECIBO PARCAIL DE OBRA No.01.
B19: ITEM | C19: DESCRIPCIÓN | E19: UNIDAD | F19: CANTIDAD | G19: V.UNITARIO | H19: V.TOTAL | I19: CANTIDAD + | J19: CANTIDAD - | K19: CANTIDAD AJUSTADA | L19: CANTIDAD TOTAL MODIFICADA | M19: Vr,TOTAL MODIFICACION | N19: CANTIDAD ACTA PARCIALNo. 01 | O19: VALOR PARCIAL ACTA PARCIALNo. 01 | P19: PORCENTAJE EJECUCION ACTA PARCIALNo. 01
B20: COMPONENTE ESTRUCTURAL | H20: =+H21+H27+H31 -> 131416300 | I20: + | J20: - | M20: =+M21+M27+M31 -> 122935289 | O20: =+O21+O27+O31 -> 115080704 | P20: =O20/M20 -> 0.93610797
B21: 1 | C21: Obras preliminares y provisionales | H21: =+ROUND(SUM(H22:H26),0) -> 5860015 | M21: =+ROUND(SUM(M22:M26),0) -> 9578521 | O21: =+ROUND(SUM(O22:O26),0) -> 9578521 | P21: =O21/M21 -> 1
B22: =+B21+0.01 -> 1.01 | C22: Cerramiento en láminas de zinc. Altura: 2m | E22: m2 | F22: 14 | G22: 84362 | H22: =+F22*G22 -> 1181068 | L22: =F22 -> 14 | M22: =L22*G22 -> 1181068 | N22: ='C.Cantidades'!J16 -> 14 | O22: =N22*G22 -> 1181068 | P22: =O22/M22 -> 1
B23: =+B22+0.01 -> 1.02 | C23: Desmonte de estructura metálica perfileria | E23: Kg | F23: 800 | G23: 5167 | H23: =+F23*G23 -> 4133600 | I23: 641.98 | K23: 1441.98 | L23: =K23 -> 1441.98 | M23: =L23*G23 -> 7450710.7 | N23: ='C.Cantidades'!J27 -> 1441.98 | O23: =N23*G23 -> 7450710.7 | P23: =O23/M23 -> 1
B24: =+B23+0.01 -> 1.03 | C24: Demolición de muro de foso | E24: m2 | F24: =7*1.1 -> 7.7 | G24: 46765 | H24: =+F24*G24 -> 360090.5 | I24: 10.618 | K24: 18.318 | L24: =K24 -> 18.318 | M24: =L24*G24 -> 856641.27 | N24: ='C.Cantidades'!J36 -> 18.318 | O24: =N24*G24 -> 856641.27 | P24: =O24/M24 -> 1
B25: =+B24+0.01 -> 1.04 | C25: Localización, trazado y replanteo | E25: m2 | F25: 9 | G25: 3922 | H25: =+F25*G25 -> 35298 | L25: =F25 -> 9 | M25: =L25*G25 -> 35298 | N25: ='C.Cantidades'!J45 -> 9 | O25: =N25*G25 -> 35298 | P25: =O25/M25 -> 1
B26: =+B25+0.01 -> 1.05 | C26: RETIRO DE MATERIALES PROCEDENTES DE DEMOLICÍÓN (INCLUYE CARGUE, TRASIEGO Y DISPOSICIÓN EN BOTADERO OFICIAL) | E26: m3 | F26: 5.3 | G26: 28294 | H26: =+F26*G26 -> 149958.2 | J26: -3.36308 | K26: 1.93692 | L26: =K26 -> 1.93692 | M26: =L26*G26 -> 54803.214 | N26: ='C.Cantidades'!K54 -> 1.93692 | O26: =N26*G26 -> 54803.214 | P26: =O26/M26 -> 1
B27: 2 | C27: Estructura de concreto | H27: =+ROUND(SUM(H28:H30),0) -> 11419850 | M27: =+ROUND(SUM(M28:M30),0) -> 7309697 | O27: =+ROUND(SUM(O28:O30),0) -> 0 | P27: =O27/M27 -> 0
B28: =+B27+0.01 -> 2.01 | C28: Anclaje de refuerzo muro | E28: Und | F28: 144 | G28: 23312 | H28: =+F28*G28 -> 3356928 | L28: =F28 -> 144 | M28: =L28*G28 -> 3356928 | O28: =N28*G28 -> 0 | P28: =O28/M28 -> 0
B29: =+B28+0.01 -> 2.02 | C29: CONCRETO DE 35 MPA PARA MUROS PREMEZCLADO (INCLUYE SUMINISTRO, TRANSPORTE, COLOCACIÓN, VIBRADO, FORMALETERÍA Y DEMÁS ACTIVIDADES PARA SU CORRECTA EJECUCIÓN.) | E29: m3 | F29: =7.7*0.2 -> 1.54 | G29: 916338 | H29: =+F29*G29 -> 1411160.5 | I29: 0.3388 | K29: 1.8788 | L29: =K29 -> 1.8788 | M29: =L29*G29 -> 1721615.8 | O29: =N29*G29 -> 0 | P29: =O29/M29 -> 0
B30: =+B29+0.01 -> 2.03 | C30: ACERO 60.000 PSI (INCLUYE SUMINISTRO, TRANSPORTE, CORTE, FIGURACIÓN, ARMADO Y DEMÁS ACTIVIDADES PARA SU CORRECTA EJECUCIÓN.) | E30: Kg | F30: 788.03 | G30: 8441 | H30: =+F30*G30 -> 6651761.2 | J30: -523.70664 | K30: 264.32336 | L30: =K30 -> 264.32336 | M30: =L30*G30 -> 2231153.5 | O30: =N30*G30 -> 0 | P30: =O30/M30 -> 0
B31: 3 | C31: Estructura metálica | H31: =+ROUND(SUM(H32:H42),0) -> 114136435 | M31: =+ROUND(SUM(M32:M42),0) -> 106047071 | O31: =+ROUND(SUM(O32:O42),0) -> 105502183 | P31: =O31/M31 -> 0.99486183
B32: =+B31+0.01 -> 3.01 | C32: VARILLA ROSCADA DE LC: 0,40M, D= 3/4" G5. (INCLUYE SUMINISTRO, TRANSPORTE, INSTALACIÓN, ANCLAJE Y DEMÁS ACTIVIDADES PARA SU CORRECTA EJECUCIÓN.) | E32: Und | F32: 16 | G32: 43213 | H32: =+F32*G32 -> 691408 | L32: =F32 -> 16 | M32: =L32*G32 -> 691408 | N32: ='C.Cantidades'!J62 -> 16 | O32: =N32*G32 -> 691408 | P32: =O32/M32 -> 1
B33: =+B32+0.01 -> 3.02 | C33: PLACA BASE ACERO A36 300X300X16MM (INCLUYE SUMINISTRO, TRANSPORTE, INSTALACIÓN, ANCLAJE Y DEMÁS ACTIVIDADES PARA SU CORRECTA EJECUCIÓN.) | E33: Und | F33: 4 | G33: 101273 | H33: =+F33*G33 -> 405092 | L33: =F33 -> 4 | M33: =L33*G33 -> 405092 | N33: ='C.Cantidades'!J70 -> 4 | O33: =N33*G33 -> 405092 | P33: =O33/M33 -> 1
B34: =+B33+0.01 -> 3.03 | C34: Columna HEA 180 Grado 50 (incluye suministro, transporte, instalación, anclaje, pintura anticorrosiva y demás actividades para su correcta ejecución) | E34: Kg | F34: 2811.6 | G34: 20672 | H34: =+F34*G34 -> 58121395 | I34: 170.4 | K34: 2982 | L34: =K34 -> 2982 | M34: =L34*G34 -> 61643904 | N34: ='C.Cantidades'!J78 -> 2982 | O34: =N34*G34 -> 61643904 | P34: =O34/M34 -> 1
B35: =+B34+0.01 -> 3.04 | C35: viga IPE 180 grado 50 (incluye suministro, transporte, instalación, anclaje, pintura anticorrosiva y demás actividades para su correcta ejecución) | E35: Kg | F35: 1515.28 | G35: 20672 | H35: =+F35*G35 -> 31323868 | I35: 63.92 | K35: 1579.2 | L35: =K35 -> 1579.2 | M35: =L35*G35 -> 32645222 | N35: ='C.Cantidades'!J86 -> 1579.2 | O35: =N35*G35 -> 32645222 | P35: =O35/M35 -> 1
B36: =+B35+0.01 -> 3.05 | C36: Ángulo 3"x3"x1/4" acero A36 (incluye suministro, transporte, instalación, pintura anticorrosiva y demás actividades para su correcta ejecución) | E36: Kg | F36: 188.82 | G36: 14896 | H36: =+F36*G36 -> 2812662.7 | I36: 24.94 | K36: 213.76 | L36: =K36 -> 213.76 | M36: =L36*G36 -> 3184169 | N36: ='C.Cantidades'!J94 -> 213.76 | O36: =N36*G36 -> 3184169 | P36: =O36/M36 -> 1
B37: =+B36+0.01 -> 3.06 | C37: Ángulo 2"x2"x3/16" acero a36 (incluye suministro, transporte, instalación, pintura anticorrosiva y demás actividades para su correcta ejecución) | E37: Kg | F37: 195 | G37: 14719 | H37: =+F37*G37 -> 2870205 | I37: 1.083 | K37: 196.083 | L37: =K37 -> 196.083 | M37: =L37*G37 -> 2886145.7 | N37: ='C.Cantidades'!J102 -> 196.083 | O37: =N37*G37 -> 2886145.7 | P37: =O37/M37 -> 1
B38: =+B37+0.01 -> 3.07 | C38: Pernos D= 5/8" G5 (incluye suministro, transporte, instalación, anclaje, pintura anticorrosiva y demás actividades para su correcta ejecución) | E38: Und | F38: 72 | G38: 23760 | H38: =+F38*G38 -> 1710720 | J38: -72 | L38: 0 | M38: =L38*G38 -> 0 | O38: =N38*G38 -> 0 | P38: 0
B39: =+B38+0.01 -> 3.08 | C39: Platina anclaje perfiles 150x150x9,5mm acero A36 (incluye suministro, transporte, instalación, anclaje, pintura anticorrosiva y demás actividades para su correcta ejecución) | E39: UND | F39: 72 | G39: 116268 | H39: =+F39*G39 -> 8371296 | J39: -72 | L39: 0 | M39: =L39*G39 -> 0 | O39: =N39*G39 -> 0 | P39: 0
B40: =+B39+0.01 -> 3.09 | C40: LOSA EN METALDECK 2" CALIBRE 22 0,75 MM ESPESOR DEL CONCRETO 0,10M (INCLUYE SUMINISTRO, INSTALACIÓN, TRANSPORTE, EXTENSIÓN, COMPACTACIÓN Y DEMÁS ACTIVIDADES PARA SU CORRECTA EJECUCIÓN.) | E40: m2 | F40: =0.8*5 -> 4 | G40: 123921 | H40: =+F40*G40 -> 495684 | L40: =F40 -> 4 | M40: =L40*G40 -> 495684 | O40: =N40*G40 -> 0 | P40: =O40/M40 -> 0
B41: =+B40+0.01 -> 3.1 | C41: MALLA ELECTROSOLDADA DE 5MM CUADRICULAS 0,15X0,15 (INCLUYE SUMINISTRO, TRANSPORTE, INSTALACIÓN, ANCLAJE Y DEMÁS ACTIVIDADES PARA SU CORRECTA EJECUCIÓN.) | E41: m2 | F41: 4 | G41: 12301 | H41: =+F41*G41 -> 49204 | L41: =F41 -> 4 | M41: =L41*G41 -> 49204 | O41: =N41*G41 -> 0 | P41: =O41/M41 -> 0
B42: =+B41+0.01 -> 3.11 | C42: HEA 100 grado 50 (incluye suministro, transporte, instalación, anclaje, pintura anticorrosiva y demás actividades para su correcta ejecución) | E42: kg | F42: 350 | G42: 20814 | H42: =+F42*G42 -> 7284900 | J42: -155.6 | K42: 194.4 | L42: =K42 -> 194.4 | M42: =L42*G42 -> 4046241.6 | N42: ='C.Cantidades'!J111 -> 194.4 | O42: =N42*G42 -> 4046241.6 | P42: =O42/M42 -> 1
B43: COMPONENTE ELÉCTRICO | H43: =+H44+H46 -> 13141779 | M43: =+M44+M46 -> 15790923 | O43: =+O44+O46 -> 2179825 | P43: =O43/M43 -> 0.13804291
B44: 4 | C44: Preliminares | H44: =+SUM(H45:H45) -> 2179825 | M44: =+SUM(M45:M45) -> 2179825 | O44: =+SUM(O45:O45) -> 2179825 | P44: =O44/M44 -> 1
B45: =+B44+0.01 -> 4.01 | C45: Desmonte red eléctrica existente. | E45: m | F45: 25 | G45: 87193 | H45: =+F45*G45 -> 2179825 | L45: =F45 -> 25 | M45: =L45*G45 -> 2179825 | N45: ='C.Cantidades'!J120 -> 25 | O45: =N45*G45 -> 2179825 | P45: =O45/M45 -> 1
B46: 5 | C46: Sistema eléctrico | H46: =+SUM(H47:H54) -> 10961954 | M46: =+SUM(M47:M54) -> 13611098 | O46: =+SUM(O47:O54) -> 0 | P46: =O46/M46 -> 0
B47: =+B46+0.01 -> 5.01 | C47: Suministro e Instalación de Gabinete de Distribución del Ascensor de medidas aproximadas 700x500x250 mm (AxLxP), tipo exterior, IP65-IK10, en lamina cold Rolled calibre 16, con pintura electroestática color RAL 7035, Equipado con: Barraje Principal 3F-5H de cobre electrolítico al 99,99% de pureza de 125 A + Neutro + Tierra, Breaker MCCB de 3x80 A de 36/25 kA a 220/440 VAC, Breaker MCCB de 3x63 A de 36/25 kA a 220/440 VAC, Breaker MCCB de 3x32 A de 36/25 kA a 220/440 VAC, Vigilante de Tensión Trifásico a 220 VAC, Bobina de Disparo para Breaker de 32 A, DPS Tipo 1+2, 3F-5H, Un: 150 VAC, In:20 kA, Imax: 40 kA. El tablero debe estar cableado, con norma RETIE, grado de protección IP65 - IK10 tipo Exterior. | E47: Und | F47: 1 | G47: 6630127 | H47: =+F47*G47 -> 6630127 | L47: =F47 -> 1 | M47: =L47*G47 -> 6630127 | O47: =N47*G47 -> 0 | P47: =O47/M47 -> 0
B48: =+B47+0.01 -> 5.02 | C48: Suministro e instalación de alimentador en cable libre de Halógenos HR FR 3* # 4 Fase + 1* # 4 Neutro + 1* # 4 Tierra, desde el Breaker del tablero de la Subestación hasta el Breaker totalizador Gabinete de Distribución del Ascensor | E48: m | F48: 25 | G48: 98244 | H48: =+F48*G48 -> 2456100 | I48: 18.71 | K48: 43.71 | L48: =K48 -> 43.71 | M48: =L48*G48 -> 4294245.2 | O48: =N48*G48 -> 0 | P48: =O48/M48 -> 0
B49: =+B48+0.01 -> 5.03 | C49: Suministro e instalación de terminal o borna para ponchar de cobre estañado para cable calibre # 4 AWG | E49: Und | F49: 10 | G49: 33013 | H49: =+F49*G49 -> 330130 | K49: 10 | L49: =K49 -> 10 | M49: =L49*G49 -> 330130 | O49: =N49*G49 -> 0 | P49: =O49/M49 -> 0
B50: =+B49+0.01 -> 5.04 | C50: Suministro e instalación de puente para equipotencialización de las estructuras metálicas en cable #10 AWG | E50: Und | F50: 20 | G50: 19973 | H50: =+F50*G50 -> 399460 | I50: 21 | K50: 41 | L50: =K50 -> 41 | M50: =L50*G50 -> 818893 | O50: =N50*G50 -> 0 | P50: =O50/M50 -> 0
B51: =+B50+0.01 -> 5.05 | C51: Suministro e instalación de puente para equipotencialización a la puesta a tierra en cable calibre # 2 AWG | E51: Und | F51: 1 | G51: 362707 | H51: =+F51*G51 -> 362707 | K51: 1 | L51: =K51 -> 1 | M51: =L51*G51 -> 362707 | O51: =N51*G51 -> 0 | P51: =O51/M51 -> 0
B52: =+B51+0.01 -> 5.06 | C52: Suministro e instalación de salida de datos en cable categoria 6A hasta 1 m. Incluye Jack blindado. | E52: Und | F52: 2 | G52: 80494 | H52: =+F52*G52 -> 160988 | K52: 2 | L52: =K52 -> 2 | M52: =L52*G52 -> 160988 | O52: =N52*G52 -> 0 | P52: =O52/M52 -> 0
B53: =+B52+0.01 -> 5.07 | C53: Suministro e instalación de cable UTP categoria 6A blindado | E53: Und | F53: 36 | G53: 10314 | H53: =+F53*G53 -> 371304 | K53: 36 | L53: =K53 -> 36 | M53: =L53*G53 -> 371304 | O53: =N53*G53 -> 0 | P53: =O53/M53 -> 0
B54: =+B53+0.01 -> 5.08 | C54: Suministro e instalación de tuberia EMT de 3/4". Incluye accesorios de soportes, curvas, terminales y todos los elementos necesarios para su correcta instalación | E54: Und | F54: 12 | G54: 20928.167 | H54: =+F54*G54 -> 251138 | I54: 18.71 | K54: 30.71 | L54: =K54 -> 30.71 | M54: =L54*G54 -> 642704 | O54: =N54*G54 -> 0 | P54: =O54/M54 -> 0
B55: NP. | C55: NO Previstos | H55: =+ROUND(SUM(H56:H58),0) -> 0 | M55: =+ROUND(SUM(M56:M58),0) -> 18129532 | O55: =+ROUND(SUM(O56:O58),0) -> 13261922 | P55: =O55/M55 -> 0.73150934
B56: NP. 1 | C56: Suministro e instalación de acero estructural para platinas, pernos en tornillos de anclaje de elementos de la estructura metalica | E56: Kg | G56: 20672 | H56: =+F56*G56 -> 0 | I56: 620.47207 | K56: 620.47207 | L56: =K56 -> 620.47207 | M56: =L56*G56 -> 12826399 | N56: ='C.Cantidades'!J132 -> 620.47207 | O56: =N56*G56 -> 12826399 | P56: =O56/M56 -> 1
B57: NP. 2 | C57: Desmonte de cerramiento perimetral de estructura metalica del ascensor en laminas de Superboard 8,0mm | E57: M2 | G57: 8500 | H57: =+F57*G57 -> 0 | I57: 51.238 | K57: 51.238 | L57: =K57 -> 51.238 | M57: =L57*G57 -> 435523 | N57: ='C.Cantidades'!J140 -> 51.238 | O57: =N57*G57 -> 435523 | P57: =O57/M57 -> 1
B58: NP. 3 | C58: Suministro e instalación de cerramiento perimetral de estructura metalica del ascensor en laminas de Superboard 8,0mm | E58: M2 | G58: 95000 | H58: =+F58*G58 -> 0 | I58: 51.238 | K58: 51.238 | L58: =K58 -> 51.238 | M58: =L58*G58 -> 4867610 | O58: =N58*G58 -> 0 | P58: =O58/M58 -> 0
C59: SUMINISTRO DE AGUA Y DESAGÜES | H59: =+H60+H82 -> 0 | M59: =+M60+M82+M84 -> 55527509 | O59: =+O60+O82+O84 -> 0 | P59: =O59/M59 -> 0
C60: INSTALACIONES SANITARIAS | H60: =SUM(H61:H81) -> 0 | M60: =SUM(M61:M81) -> 21346711 | O60: =SUM(O61:O81) -> 0 | P60: =O60/M60 -> 0
C61: Suministro e instalación de tubería PVC-P | M61: =L61*G61 -> 0 | O61: =N61*G61 -> 0
B62: NP.4 | C62: Suministro e instalación de tubería PVC-P RDE 21 ø 2" | E62: ML | G62: 26944 | H62: =+F62*G62 -> 0 | I62: 4.54 | K62: 4.54 | L62: =K62 -> 4.54 | M62: =L62*G62 -> 122325.76 | O62: =N62*G62 -> 0 | P62: =O62/M62 -> 0
C63: Suministro e instalación de tubería PVC-P descolgada | M63: =L63*G63 -> 0 | O63: =N63*G63 -> 0
B64: NP.5 | C64: Suministro e instalación de tubería PVC-P RDE 21 descolgada ø 1" | E64: ML | G64: 41825 | H64: =+F64*G64 -> 0 | I64: 38.46 | K64: 38.46 | L64: =K64 -> 38.46 | M64: =L64*G64 -> 1608589.5 | O64: =N64*G64 -> 0 | P64: =O64/M64 -> 0
B65: NP.6 | C65: Suministro e instalación de tubería PVC-P RDE 21 descolgada ø 2" | E65: ML | G65: 58642 | H65: =+F65*G65 -> 0 | I65: 38.48 | K65: 38.48 | L65: =K65 -> 38.48 | M65: =L65*G65 -> 2256544.2 | O65: =N65*G65 -> 0 | P65: =O65/M65 -> 0
C66: Suministro e instalación de tubería PVC Sanitaria | M66: =L66*G66 -> 0 | O66: =N66*G66 -> 0
B67: NP.7 | C67: Suministro e instalación de tubería PVC Sanitaria ø 2” | E67: ML | G67: 76933 | H67: =+F67*G67 -> 0 | I67: 4.86 | K67: 4.86 | L67: =K67 -> 4.86 | M67: =L67*G67 -> 373894.38 | O67: =N67*G67 -> 0 | P67: =O67/M67 -> 0
B68: NP.8 | C68: Suministro e instalación de tubería PVC Sanitaria ø 6” | E68: ML | G68: 79868 | H68: =+F68*G68 -> 0 | I68: 6.37 | K68: 6.37 | L68: =K68 -> 6.37 | M68: =L68*G68 -> 508759.16 | O68: =N68*G68 -> 0 | P68: =O68/M68 -> 0
B69: NP.9 | C69: Suministro e instalación de tubería PVC Sanitaria ø 8” | E69: ML | G69: 114075 | H69: =+F69*G69 -> 0 | I69: 17.71 | K69: 17.71 | L69: =K69 -> 17.71 | M69: =L69*G69 -> 2020268.2 | O69: =N69*G69 -> 0 | P69: =O69/M69 -> 0
C70: Suministro e instalación de tubería PVC Sanitaria descolgada | M70: =L70*G70 -> 0 | O70: =N70*G70 -> 0
B71: NP.10 | C71: Suministro e instalación de tubería PVC Sanitaria descolgada ø 2” | E71: ML | G71: 71014 | H71: =+F71*G71 -> 0 | I71: 88.32 | K71: 88.32 | L71: =K71 -> 88.32 | M71: =L71*G71 -> 6271956.5 | O71: =N71*G71 -> 0 | P71: =O71/M71 -> 0
C72: Suministro e instalación de tubería PVC drenaje corrugada | M72: =L72*G72 -> 0 | O72: =N72*G72 -> 0
B73: NP.11 | C73: Suministro e instalación de tubería PVC drenaje corrugada ø 160 mm | E73: ML | G73: 71014 | H73: =+F73*G73 -> 0 | I73: 12.54 | K73: 12.54 | L73: =K73 -> 12.54 | M73: =L73*G73 -> 890515.56 | O73: =N73*G73 -> 0 | P73: =O73/M73 -> 0
B74: NP.12 | C74: Grava de río ø ½" - ¾" | E74: M3 | G74: 121637 | H74: =+F74*G74 -> 0 | I74: 17.00424 | K74: 17.00424 | L74: =K74 -> 17.00424 | M74: =L74*G74 -> 2068344.7 | O74: =N74*G74 -> 0 | P74: =O74/M74 -> 0
B75: NP.13 | C75: Geotextil NT 1600 | E75: M2 | G75: 9156 | H75: =+F75*G75 -> 0 | I75: 113.3616 | K75: 113.3616 | L75: =K75 -> 113.3616 | M75: =L75*G75 -> 1037938.8 | O75: =N75*G75 -> 0 | P75: =O75/M75 -> 0
C76: Espuma elastomérica tubular | M76: =L76*G76 -> 0 | O76: =N76*G76 -> 0
B77: NP.14 | C77: Espuma elastomérica tubular ø 1 3/8" x 1/2" | E77: ML | G77: 8920 | H77: =+F77*G77 -> 0 | I77: 38.46 | K77: 38.46 | L77: =K77 -> 38.46 | M77: =L77*G77 -> 343063.2 | O77: =N77*G77 -> 0 | P77: =O77/M77 -> 0
B78: NP.15 | C78: Espuma elastomérica tubular ø 2 3/8" x 1/2" | E78: ML | G78: 14820 | H78: =+F78*G78 -> 0 | I78: 131.34 | K78: 131.34 | L78: =K78 -> 131.34 | M78: =L78*G78 -> 1946458.8 | O78: =N78*G78 -> 0 | P78: =O78/M78 -> 0
B79: NP.16 | C79: Válvula de retención hidro en Cu ø 2" | E79: UN | G79: 204482 | H79: =+F79*G79 -> 0 | I79: 2 | K79: 2 | L79: =K79 -> 2 | M79: =L79*G79 -> 408964 | O79: =N79*G79 -> 0 | P79: =O79/M79 -> 0
B80: NP.17 | C80: Válvula de rbola PVC tipo pesado ø 2" | E80: UN | G80: 400832 | H80: =+F80*G80 -> 0 | I80: 2 | K80: 2 | L80: =K80 -> 2 | M80: =L80*G80 -> 801664 | O80: =N80*G80 -> 0 | P80: =O80/M80 -> 0
B81: NP.18 | C81: Vávula universal PVC ø 2" | E81: UN | G81: 343712 | H81: =+F81*G81 -> 0 | I81: 2 | K81: 2 | L81: =K81 -> 2 | M81: =L81*G81 -> 687424 | O81: =N81*G81 -> 0 | P81: =O81/M81 -> 0
C82: SISTEMA DE EYECCIÓN | H82: =SUM(H83) -> 0 | M82: =SUM(M83) -> 6327360 | O82: =SUM(O83) -> 0 | P82: =O82/M82 -> 0
B83: NP. 19 | C83: SIPS equipo de eyección com puesto por dos bombas sumergibles trituradoras con curpo en hierro fundido con tratamiento de cataforesis con de 1 hp cada una a 220 V trifásica, con un control electrónico con modos de funcionamiento que permiten gestionar y proteger las electrobombas mediante entradas analógicas y digitales y controlar los parámetros eléctricos equipados con un panel de control compuesto por un teclado y una pantalla LCD que permiten navegar intuitivamente por los menús de programación y configurar los parámetros eléctricos de cada electrobomba, las protecciones y el modo de funcionamiento, mediante un procedimiento guiado. Debe brindar protección contra el funcionamiento en seco, que se gestiona por el control del cosφ o de la corriente o mediante la intervención de un flotador o sonda de nivel procedimiento guiado de autoaprendizaje (WIZARD), los valores de los principales parámetros eléctricos pueden memorizarse automáticamente, lo que garantiza una puesta en servicio sencilla, debe hacer que alterne automáticamente el funcionamiento de las electrobombas para reducir el desgaste y optimizar los tiempos de bombeo. Además se debe instalar un sistema de alrama que indique que el nivel del agua está por rebosar el poso de eyección o que el equipo tenga algún tipo de falla y no funcione. | E83: UN | G83: 6327360 | H83: =+F83*G83 -> 0 | I83: 1 | K83: 1 | L83: =K83 -> 1 | M83: =L83*G83 -> 6327360 | O83: =N83*G83 -> 0 | P83: =O83/M83 -> 0
C84: ESTRUCTURA DE CONCRETO DEL SISTEMA DE DRENAJE | H84: =SUM(H85) -> 0 | M84: =SUM(M85:M98) -> 27853438 | O84: =SUM(O85:O98) -> 0 | P84: =O84/M84 -> 0
B85: NP.20 | C85: LOCALIZACION TRAZADO Y REPLANTEO | E85: M2. | G85: 3966 | I85: 244.4329 | K85: 244.4329 | L85: =K85 -> 244.4329 | M85: =L85*G85 -> 969420.88 | O85: =N85*G85 -> 0 | P85: =O85/M85 -> 0
B86: NP.21 | C86: DEMOLICION DE PISO PARA SISTEMA FILTRO FOSO ASCENSOR, CAJA EYECTOR, DESARENADOR Y DUCTOS TUBERIAS | E86: M3 | G86: 46120 | H86: =+F86*G86 -> 0 | I86: 39.646 | K86: 39.646 | L86: =K86 -> 39.646 | M86: =L86*G86 -> 1828473.5 | O86: =N86*G86 -> 0 | P86: =O86/M86 -> 0
B87: NP.22 | C87: EXCAVACION EN MATERIAL COMUN HUMEDO DE PISO PARA SISTEMA FILTRO FOSO ASCENSOR, CAJA EYECTOR, DESARENADOR Y DUCTOS TUBERIAS | E87: M3 | G87: 54560 | H87: =+F87*G87 -> 0 | I87: 56.9484 | K87: 56.9484 | L87: =K87 -> 56.9484 | M87: =L87*G87 -> 3107104.7 | O87: =N87*G87 -> 0 | P87: =O87/M87 -> 0
B88: NP.23 | C88: RELLENO CON CAPA DE ARENA COMPACTADO PARA FONDO TUBERIA DUCTO | E88: M3 | G88: 126368 | I88: 2.83734 | K88: 2.83734 | L88: =K88 -> 2.83734 | M88: =L88*G88 -> 358548.98 | O88: =N88*G88 -> 0 | P88: =O88/M88 -> 0
B89: NP.24 | C89: RELLENO EN MATERIAL SELECCIONADO Y COMPACTADO | E89: M3 | G89: 136824 | H89: =+F89*G89 -> 0 | I89: 5.0466 | K89: 5.0466 | L89: =K89 -> 5.0466 | M89: =L89*G89 -> 690496 | O89: =N89*G89 -> 0 | P89: =O89/M89 -> 0
B90: NP.25 | C90: RELLENO EN MATERIAL DE EXCAVACION | E90: M3 | G90: 36781 | H90: =+F90*G90 -> 0 | I90: 10.553 | K90: 10.553 | L90: =K90 -> 10.553 | M90: =L90*G90 -> 388149.89 | O90: =N90*G90 -> 0 | P90: =O90/M90 -> 0
B91: NP.26 | C91: RETIRO DE MATERIALES PROCEDENTES DE DEMOLICÍÓN (INCLUYE CARGUE, TRASIEGO Y DISPOSICIÓN EN BOTADERO OFICIAL) | E91: M3 | G91: 28294 | H91: =+F91*G91 -> 0 | I91: 88.359778 | K91: 88.359778 | L91: =K91 -> 88.359778 | M91: =L91*G91 -> 2500051.6 | O91: =N91*G91 -> 0 | P91: =O91/M91 -> 0
B92: NP.27 | C92: RECONSTRUCCION DE PISO DE PARQUEADERO SOTANO EN CONCRETO MR 42 - ESP=20CM. | E92: M3 | G92: 834498 | H92: =+F92*G92 -> 0 | I92: 7.9292 | K92: 7.9292 | L92: =K92 -> 7.9292 | M92: =L92*G92 -> 6616901.5 | O92: =N92*G92 -> 0 | P92: =O92/M92 -> 0
B93: NP.28 | C93: CONCRETO DE 15 MPA PARA SOLADO FONDO DE ESTRUCTURAS - CAJA DE INSPECCION, REGISTROS (INCLUYE SUMINISTRO, TRANSPORTE, COLOCACIÓN, VIBRADO, FORMALETERÍA Y DEMÁS ACTIVIDADES PARA SU CORRECTA EJECUCIÓN.) | E93: M2 | G93: 52955 | H93: =+F93*G93 -> 0 | I93: 5.58 | K93: 5.58 | L93: =K93 -> 5.58 | M93: =L93*G93 -> 295488.9 | O93: =N93*G93 -> 0 | P93: =O93/M93 -> 0
B94: NP.29 | C94: CONCRETO DE 35 MPA ESTRUCTURA DE REGISTROS PREMEZCLADO (INCLUYE SUMINISTRO, TRANSPORTE, COLOCACIÓN, VIBRADO, FORMALETERÍA Y DEMÁS ACTIVIDADES PARA SU CORRECTA EJECUCIÓN.) | E94: M3 | G94: 870303 | H94: =+F94*G94 -> 0 | I94: 1.024 | K94: 1.024 | L94: =K94 -> 1.024 | M94: =L94*G94 -> 891190.27 | O94: =N94*G94 -> 0 | P94: =O94/M94 -> 0
B95: NP.30 | C95: CONCRETO DE 35 MPA ESTRUCTURA DE FOSO EYECTOR, PREMECLADO (INCLUYE SUMINISTRO, TRANSPORTE, COLOCACIÓN, VIBRADO, FORMALETERÍA Y DEMÁS ACTIVIDADES PARA SU CORRECTA EJECUCIÓN.) | E95: M3 | G95: 890763 | H95: =+F95*G95 -> 0 | I95: 6.40525 | K95: 6.40525 | L95: =K95 -> 6.40525 | M95: =L95*G95 -> 5705559.7 | O95: =N95*G95 -> 0 | P95: =O95/M95 -> 0
B96: NP.31 | C96: CONCRETO DE 35 MPA ESTRUCTURA DESARENADOR PREMEZCLADO (INCLUYE SUMINISTRO, TRANSPORTE, COLOCACIÓN, VIBRADO, FORMALETERÍA Y DEMÁS ACTIVIDADES PARA SU CORRECTA EJECUCIÓN.) | E96: M3 | G96: 943618 | H96: =+F96*G96 -> 0 | I96: 1.416 | K96: 1.416 | L96: =K96 -> 1.416 | M96: =L96*G96 -> 1336163.1 | O96: =N96*G96 -> 0 | P96: =O96/M96 -> 0
B97: NP.32 | C97: MALLA ELECTROSOLDADA DE 5MM CUADRICULAS 0,15X0,15 (INCLUYE SUMINISTRO, TRANSPORTE, INSTALACIÓN, ANCLAJE Y DEMÁS ACTIVIDADES PARA SU CORRECTA EJECUCIÓN.) | E97: M2. | G97: 12301 | H97: =+F97*G97 -> 0 | I97: 70.04 | K97: 70.04 | L97: =K97 -> 70.04 | M97: =L97*G97 -> 861562.04 | O97: =N97*G97 -> 0 | P97: =O97/M97 -> 0
B98: NP.33 | C98: TAPA DE ACCESO REGISTRO DE FOSO EYECTOR, DESARENADOR Y CAJA DE INSPECCION EN CONCRETO 3500PSI, PERFIL EN ANGULO YACERO DE REFUERZO EN MALLA ELECTROSOLDADA 10X10CM 1/4" | E98: UN. | G98: 768109 | H98: =+F98*G98 -> 0 | I98: 3 | K98: 3 | L98: =K98 -> 3 | M98: =L98*G98 -> 2304327 | O98: =N98*G98 -> 0 | P98: =O98/M98 -> 0
D99: COSTO DIRECTO DE OBRA | H99: =+H20+H43 -> 144558079 | M99: =+M20+M43+M55+M59 -> 2.1238325e+08 | O99: =+O20+O43+O55+O59 -> 130522451 | P99: =O104/M104 -> 0.61456094
D100: ADMINISTRACIÓN | G100: 0.2602 | H100: =+ROUND($H$99*G100,0) -> 37614012 | M100: =M99*G100 -> 55262122 | O100: =O99*G100 -> 33961942
D101: IMPREVISTOS | G101: 0.02 | H101: =+ROUND($H$99*G101,0) -> 2891162 | M101: =M99*G101 -> 4247665.1 | O101: =O99*G101 -> 2610449
D102: UTILIDAD | G102: 0.05 | H102: =+ROUND($H$99*G102,0) -> 7227904 | M102: =M99*G102 -> 10619163 | O102: =O99*G102 -> 6526122.6
D103: IVA SOBRE LA UTILIDAD | G103: 0.19 | H103: =+ROUND(H102*G103,0) -> 1373302 | M103: =M102*G103 -> 2017640.9 | O103: =O102*G103 -> 1239963.3
...

Sheet C.Cantidades
B4: ADECUACIONES COMPLEMENTARIAS DE OBRA CIVIL Y ELÉCTRICA EN FOSO ASCENSOR TORRE C PARA SU INSTALACIÓN Y PUESTA EN FUNCIONAMIENTO.
B7: CALCULO DE CANTIDADES DE OBRA
B9: DESCRIPCION DEL CAPITULO: | D9: ='Acta Parcial 01.'!C22 -> Cerramiento en láminas de zinc. Altura: 2m
B10: ='Acta Parcial 01.'!C21 -> Obras preliminares y provisionales
B11: ITEM | C11: DESCRIPCION DEL MATERIAL | D11: UN. | E11: LONG. (M) | F11: ALTO (M) | J11: TOTAL (M2) | K11: REGISTRO FOTOGRAFICO
B12: 1.01 | C12: Cerramiento en Lamina de zinc parales de madera H=2,0m. | D12: M2 | E12: 7 | F12: 2 | J12: =E12*F12 -> 14
C16: CANTIDAD TOTAL ITEM | J16: =SUM(J12:J15) -> 14
B19: DESCRIPCION DEL CAPITULO: | D19: ='Acta Parcial 01.'!C21 -> Obras preliminares y provisionales
B20: ='Acta Parcial 01.'!C23 -> Desmonte de estructura metálica perfileria
B21: ITEM | C21: DESCRIPCION DEL MATERIAL | D21: UN. | E21: CANT. | F21: PESO (Kg/m) | G21: LONG. (M) | H21: Espes. (mm) | I21: Peso Unit. KG | J21: TOTAL (KG) | K21: REGISTRO FOTOGRAFICO
B22: 1.02 | C22: Perfil Tubo rectangular 100x50 (Columnas) | D22: Un. | E22: 4 | F22: 6.86 | G22: 20 | H22: 3 | I22: =G22*F22 -> 137.2 | J22: =I22*E22 -> 548.8
C23: Perfil Tubo rectangular 100x50 (Vigas) | D23: Un. | E23: 45 | F23: 6.86 | G23: 1.8 | H23: 3 | I23: =G23*F23 -> 12.348 | J23: =I23*E23 -> 555.66
C24: Perfil Tubo cuadrado 50x50(Angulos) | D24: Un. | E24: 36 | F24: 3.8 | G24: 2 | H24: 2.5 | I24: =G24*F24 -> 7.6 | J24: =I24*E24 -> 273.6
C25: Viga Ipe 180 | D25: Un. | E25: 2 | F25: 18.8 | G25: 1.7 | H25: N/A | I25: =G25*F25 -> 31.96 | J25: =I25*E25 -> 63.92
C27: CANTIDAD TOTAL ITEM | J27: =SUM(J22:J25) -> 1441.98
B29: DESCRIPCION DEL CAPITULO: | D29: =D19 -> Obras preliminares y provisionales
B30: ='Acta Parcial 01.'!C24 -> Demolición de muro de foso
B31: ITEM | C31: DESCRIPCION DEL MATERIAL | D31: UN. | E31: CANT. | F31: LONG. (M) | G31: ALTO. (M) | J31: TOTAL. (M2) | K31: REGISTRO FOTOGRAFICO
B32: 1.03 | C32: Muros del Foso del Ascensor | D32: M2 | E32: 1 | F32: =2.23*2 -> 4.46 | G32: =2.03*2 -> 4.06 | H32: 1.1 | J32: =(F32+G32)*H32 -> 9.372
C33: Placas de Entrepiso- Lamina Metaldesck | D33: M2 | E33: 4 | F33: 1.69 | G33: 0.85 | H33: 0.15 | J33: =E33*F33*G33 -> 5.746
C34: Vigas perimetrales de edificio | D34: M2 | E34: 4 | F34: 0.4 | G34: 0.4 | H34: 0.04 | J34: =E34*F34*G34 -> 0.64
C35: Pañete de muros perimetrales | D35: M2 | E35: 4 | F35: 1.6 | G35: 0.4 | H35: 0.04 | J35: =E35*F35*G35 -> 2.56
C36: CANTIDAD TOTAL ITEM | J36: =SUM(J32:J35) -> 18.318
B38: DESCRIPCION DEL CAPITULO: | D38: =D29 -> Obras preliminares y provisionales
B39: ='Acta Parcial 01.'!C25 -> Localización, trazado y replanteo
B40: ITEM | C40: DESCRIPCION DEL MATERIAL | D40: UN. | E40: CANT. | F40: LONG. (M) | G40: ALTO. (M) | J40: TOTAL. (M2) | K40: REGISTRO FOTOGRAFICO
B41: 1.04 | C41: Localización, trazado y replanteo | D41: m2 | E41: 9 | F41: =2.15+2.15+1.95+1.95 -> 8.2 | G41: 1.1 | J41: 9
C45: CANTIDAD TOTAL ITEM | J45: =SUM(J41:J44) -> 9
B47: DESCRIPCION DEL CAPITULO: | D47: =D38 -> Obras preliminares y provisionales
B48: ='Acta Parcial 01.'!C26 -> RETIRO DE MATERIALES PROCEDENTES DE DEMOLICÍÓN (INCLUYE CARGUE, TRASIEGO Y DISPOSICIÓN EN BOTADERO OFICIAL)
B49: ITEM | C49: DESCRIPCION DEL MATERIAL | D49: UNIDAD | E49: CANTIDAD | F49: LARGO | G49: ANCHO | H49: ALTURA MURO | I49: AREA | J49: ESPESOR | K49: VOLUMEN | L49: REGISTRO FOTOGRAFICO
F50: m | G50: M | H50: M | I50: M2 | J50: M | K50: M3.
B51: 1 | C51: Muros del Foso del Ascensor | D51: M3. | E51: 1 | F51: =1.99*2 -> 3.98 | G51: =1.79*2 -> 3.58 | H51: 1.1 | I51: =(F51+G51)*H51 -> 8.316 | J51: 0.15 | K51: =(F51+G51)*H51*J51 -> 1.2474
B52: =B51+1 -> 2 | C52: Placas de Entrepiso- Lamina Metaldesck | D52: Un. | E52: 4 | F52: 1.69 | G52: 0.85 | I52: =E52*F52*G52 -> 5.746 | J52: 0.12 | K52: =E52*F52*G52*J52 -> 0.68952
C54: CANTIDAD TOTAL ITEM | J54: M3 | K54: =SUM(K51:K53) -> 1.93692
B56: DESCRIPCION DEL CAPITULO: | D56: ='Acta Parcial 01.'!C27 -> Estructura de concreto
B57: ='Acta Parcial 01.'!C32 -> VARILLA ROSCADA DE LC: 0,40M, D= 3/4" G5. (INCLUYE SUMINISTRO, TRANSPORTE, INSTALACIÓN, ANCLAJE Y DEMÁS ACTIVIDADES PARA SU CORRECTA EJECUCIÓN.)
B58: ITEM | C58: DESCRIPCION DEL MATERIAL | D58: UN. | E58: CANT. | J58: TOTAL (UND) | K58: REGISTRO FOTOGRAFICO
B59: 3.01 | C59: VARILLA ROSCADA DE LC: 0,40M, D= 3/4" G5. (INCLUYE SUMINISTRO, TRANSPORTE, INSTALACIÓN, ANCLAJE Y DEMÁS ACTIVIDADES PARA SU CORRECTA EJECUCIÓN.) | D59: Und | E59: 16 | J59: =E59 -> 16
C62: CANTIDAD TOTAL ITEM | J62: =SUM(J59:J61) -> 16
B64: DESCRIPCION DEL CAPITULO: | D64: ='Acta Parcial 01.'!C31 -> Estructura metálica
B65: ='Acta Parcial 01.'!C33 -> PLACA BASE ACERO A36 300X300X16MM (INCLUYE SUMINISTRO, TRANSPORTE, INSTALACIÓN, ANCLAJE Y DEMÁS ACTIVIDADES PARA SU CORRECTA EJECUCIÓN.)
B66: ITEM | C66: DESCRIPCION DEL MATERIAL | D66: UN. | E66: CANT. | J66: TOTAL (UND) | K66: REGISTRO FOTOGRAFICO
B67: 3.02 | C67: PLACA BASE ACERO A36 300X300X16MM (INCLUYE SUMINISTRO, TRANSPORTE, INSTALACIÓN, ANCLAJE Y DEMÁS ACTIVIDADES PARA SU CORRECTA EJECUCIÓN.) | D67: und | E67: 16 | J67: 4
C70: CANTIDAD TOTAL ITEM | J70: =SUM(J67:J69) -> 4
B72: DESCRIPCION DEL CAPITULO: | D72: ='Acta Parcial 01.'!C31 -> Estructura metálica
B73: ='Acta Parcial 01.'!C34 -> Columna HEA 180 Grado 50 (incluye suministro, transporte, instalación, anclaje, pintura anticorrosiva y demás actividades para su correcta ejecución)
B74: ITEM | C74: DESCRIPCION DEL MATERIAL | D74: UNIDAD | E74: CANTIDAD | F74: PESO (Kg/m) | G74: LONG. PERFILES (M) | J74: TOTAL (KG) | K74: REGISTRO FOTOGRAFICO
B75: 3.03 | C75: Columna HEA 180 Grado 50 | D75: Un. | E75: 14 | F75: 35.5 | G75: =E75*6 -> 84 | J75: =F75*G75 -> 2982
C78: CANTIDAD TOTAL ITEM | J78: =SUM(J75:J77) -> 2982
B80: DESCRIPCION DEL CAPITULO: | D80: ='Acta Parcial 01.'!C31 -> Estructura metálica
B81: ='Acta Parcial 01.'!C35 -> viga IPE 180 grado 50 (incluye suministro, transporte, instalación, anclaje, pintura anticorrosiva y demás actividades para su correcta ejecución)
B82: ITEM | C82: DESCRIPCION DEL MATERIAL | D82: UNIDAD | E82: CANTIDAD | F82: PESO (Kg/m) | G82: LONG. PERFILES (M) | J82: TOTAL (KG) | K82: REGISTRO FOTOGRAFICO
B83: 3.04 | C83: Viga IPE 180 Grado 50 | D83: KG | E83: 14 | F83: 18.8 | G83: =E83*6 -> 84 | J83: =F83*G83 -> 1579.2
C86: CANTIDAD TOTAL ITEM | J86: =SUM(J83:J85) -> 1579.2
B88: DESCRIPCION DEL CAPITULO: | D88: ='Acta Parcial 01.'!C31 -> Estructura metálica
B89: ='Acta Parcial 01.'!C36 -> Ángulo 3"x3"x1/4" acero A36 (incluye suministro, transporte, instalación, pintura anticorrosiva y demás actividades para su correcta ejecución)
B90: ITEM | C90: DESCRIPCION DEL MATERIAL | D90: UNIDAD | E90: CANTIDAD | F90: PESO (Kg/m) | G90: LONG. PERFILES (M) | J90: TOTAL (KG) | K90: REGISTRO FOTOGRAFICO
B91: 3.05 | C91: Angulo 3"x3"x1/14" | D91: KG | E91: 5 | F91: 42.752 | G91: 6 | J91: =E91*F91 -> 213.76
C94: CANTIDAD TOTAL ITEM | J94: =SUM(J91:J93) -> 213.76
B96: DESCRIPCION DEL CAPITULO: | D96: ='Acta Parcial 01.'!C37 -> Ángulo 2"x2"x3/16" acero a36 (incluye suministro, transporte, instalación, pintura anticorrosiva y demás actividades para su correcta ejecución)
B97: ='Acta Parcial 01.'!C37 -> Ángulo 2"x2"x3/16" acero a36 (incluye suministro, transporte, instalación, pintura anticorrosiva y demás actividades para su correcta ejecución)
B98: ITEM | C98: DESCRIPCION DEL MATERIAL | D98: UNIDAD | E98: CANTIDAD | F98: PESO (Kg/m) | G98: LONG. PERFILES (M) | J98: TOTAL (KG) | K98: REGISTRO FOTOGRAFICO
B99: 3.06 | C99: Angulo 2"x2"x3/16" | D99: KG | E99: 9 | F99: 21.787 | G99: 6 | J99: =E99*F99 -> 196.083
C102: CANTIDAD TOTAL ITEM | J102: =SUM(J99:J101) -> 196.083
B105: DESCRIPCION DEL CAPITULO: | D105: ='Acta Parcial 01.'!C31 -> Estructura metálica
B106: ='Acta Parcial 01.'!C42 -> HEA 100 grado 50 (incluye suministro, transporte, instalación, anclaje, pintura anticorrosiva y demás actividades para su correcta ejecución)
B107: ITEM | C107: DESCRIPCION DEL MATERIAL | D107: UNIDAD | E107: CANTIDAD | F107: PESO (Kg/m) | G107: LONG. PERFILES (M) | J107: TOTAL (KG) | K107: REGISTRO FOTOGRAFICO
B108: 3.06 | C108: HEA 100 grado 50 | D108: KG | E108: 4 | F108: 8.1 | G108: =E108*6 -> 24 | J108: =F108*G108 -> 194.4
C111: CANTIDAD TOTAL ITEM | J111: =SUM(J108:J110) -> 194.4
B114: DESCRIPCION DEL CAPITULO: | D114: ='Acta Parcial 01.'!B43 -> COMPONENTE ELÉCTRICO
B115: ='Acta Parcial 01.'!C45 -> Desmonte red eléctrica existente.
B116: ITEM | C116: DESCRIPCION DEL MATERIAL | D116: UN. | E116: LONG. (M) | J116: TOTAL (KG) | K116: REGISTRO FOTOGRAFICO
B117: 3.06 | C117: Desmont de isntalaciones electricas existentes en la estructura | D117: ml | E117: 25 | J117: =E117 -> 25
C120: CANTIDAD TOTAL ITEM | J120: =SUM(J117:J119) -> 25
B122: DESCRIPCION DEL CAPITULO: | D122: ='Acta Parcial 01.'!C55 -> NO Previstos
B123: ='Acta Parcial 01.'!C56 -> Suministro e instalación de acero estructural para platinas, pernos en tornillos de anclaje de elementos de la estructura metalica
B124: ITEM | C124: DESCRIPCION DEL MATERIAL | D124: UNIDAD | E124: CANTIDAD | F124: PESO (Kg/m) | G124: AREA (CM2) | H124: Espesor (cm) | I124: Peso Unitario KG | J124: PESO TOTAL (KG) | K124: REGISTRO FOTOGRAFICO
B125: 1 | C125: Platina 5/8 350MMX350MM | D125: Un. | E125: 4 | F125: 4 | G125: =35*35 -> 1225 | H125: 1.6 | I125: =(G125*H125)*7.85/1000 -> 15.386 | J125: =((G125*H125)*7.85/1000)*E125 -> 61.544
B126: =B125+1 -> 2 | C126: Platina 1/2 20x152x37x112 | D126: Un. | E126: 192 | F126: N/A | G126: =(15.2*3.7)+(11.2*2)+(2*2/2)*2 -> 82.64 | H126: 1.27 | I126: =(G126*H126)*7.85/1000 -> 0.82387948 | J126: =((G126*H126)*7.85/1000)*E126 -> 158.18486
B127: =B126+1 -> 3 | C127: Platina 9.5 120x120 | D127: Un. | E127: 24 | F127: N/A | G127: =12*12 -> 144 | H127: 0.95 | I127: =(G127*H127)*7.85/1000 -> 1.07388 | J127: =((G127*H127)*7.85/1000)*E127 -> 25.77312
B128: =B127+1 -> 4 | C128: Platina 16mm 80x42x20x76 | D128: Un. | E128: 48 | F128: N/A | G128: =(8*4.2)+(4*2)+(2*2/2)*2 -> 45.6 | H128: 1.6 | I128: =(G128*H128)*7.85/1000 -> 0.572736 | J128: =((G128*H128)*7.85/1000)*E128 -> 27.491328
B129: =B128+1 -> 5 | C129: Platina 1/4 400MMMX160 | D129: Un. | E129: 52 | F129: N/A | G129: =40*16 -> 640 | H129: 0.635 | I129: =(G129*H129)*7.85/1000 -> 3.19024 | J129: =((G129*H129)*7.85/1000)*E129 -> 165.89248
B130: =B129+1 -> 6 | C130: Platina 9.5 150x150 | D130: Un. | E130: 48 | F130: N/A | G130: =(7*15)+(8*7)+(8*8/2) -> 193 | H130: 0.95 | I130: =(G130*H130)*7.85/1000 -> 1.4392975 | J130: =((G130*H130)*7.85/1000)*E130 -> 69.08628
B131: =B130+1 -> 7 | C131: Tornillos de 5/8" -Grado 5 - ASTM 325 (Incluye Tuerca) | D131: Un. | E131: 750 | F131: 0.15 | I131: =SUM(I125:I130) -> 22.486033 | J131: =E131*F131 -> 112.5
B132: TOTAL PESO PERFILERIA DE ESTRCUTURA KG | J132: =SUM(J125:J131) -> 620.47207
B134: DESCRIPCION DEL CAPITULO: | D134: ='Acta Parcial 01.'!C55 -> NO Previstos
B135: ='Acta Parcial 01.'!C57 -> Desmonte de cerramiento perimetral de estructura metalica del ascensor en laminas de Superboard 8,0mm
B136: ITEM | C136: DESCRIPCION DEL MATERIAL | D136: UNIDAD | E136: CANTIDAD | F136: LARGO | G136: ANCHO | J136: AREA | K136: REGISTRO FOTOGRAFICO
F137: m | G137: M | J137: M2.
B138: 1 | C138: Lado 1 de Estructura Metalica | D138: M2. | E138: 1 | F138: 17.6 | G138: 1.83 | J138: =E138*F138*G138 -> 32.208
B139: 2 | C139: Cerramineto perimetral de sotano y domo superior | D139: M2. | E139: 1 | J139: 19.03
C140: TOTAL DESMONTE CERRAMIENTO ESTUCTURA SUPERBOARD | J140: =SUM(J138:J139) -> 51.238
